 Seeded DCSS version 0.30.1-11-g7821555f0a (webtiles) character file.

Game seed: 537684885960813688 (custom seed)

17140 fireball365 the Severer (level 12, -37/107 HPs)
             Began as a Hill Orc Fighter on Dec 31, 2023.
             Was an Initiate of Gozag.
             Annihilated by a titanic slime creature (66 damage)
             ... on level 12 of the Dungeon.
             The game lasted 00:31:16 (12427 turns).

fireball365 the Severer (Hill Orc Fighter)         Turns: 12427, Time: 00:31:17

Health: -37/107    AC: 23    Str: 24    XL:     12   Next: 44%
Magic:  12/12      EV: 10    Int:  5    God:    Gozag
Gold:   2311       SH:  6    Dex: 16    Spells: 11/11 levels left

rFire   + . .        w - +0 war axe (flame)
rCold   + + .        c - +0 buckler
rNeg    . . .        C - +2 chain mail "Fugg" {Harm Fly rC++ Int-3}
rPois   .            o - +0 helmet
rElec   .            D - +2 cloak
rCorr   .            v - +2 pair of gloves
SInv    .            F - +0 pair of boots
Will    .....        I - amulet of the acrobat Stlth
                     u - +6 ring of dexterity
HPRegen 0.37/turn    i - ring of protection from fire
MPRegen 0.13/turn

%: harm (+30% outgoing, +20% incoming), acrobat
@: gold aura, flying
A: hooves 1, wild magic 1
a: Renounce Religion, Potion Petition, Call Merchant, Bribe Branch


You were on level 12 of the Dungeon.
You worshipped Gozag.
Gozag was most pleased with you.
You visited 1 branch of the dungeon, and saw 12 of its levels.
You also visited: Sewer.

You collected 2628 gold pieces.
You spent 175 gold pieces at shops.
You paid 142 gold pieces to Gozag.

Inventory:

Hand Weapons
 w - a +0 war axe of flaming (weapon)
 L - a +0 battleaxe
Missiles
 a - a throwing net
 e - 14 boomerangs (quivered)
 k - 26 poisoned darts
Armour
 c - a +0 buckler (worn)
 o - a +0 helmet (worn)
 v - a +2 pair of gloves (worn)
 C - the +2 chain mail "Fugg" (worn) {Harm Fly rC++ Int-3}
   (You found it on level 2 of the Dungeon)

   Int:       It affects your intelligence (-3).
   rC:        It greatly protects you from cold.
   Fly:       It grants you flight.
   Harm:      It increases damage dealt and taken.
 D - a +2 cloak (worn)
 F - a +0 pair of boots (worn)
Jewellery
 i - a ring of protection from fire (right hand)
 u - a +6 ring of dexterity (left hand)
 I - an amulet of the acrobat (around neck)
 N - a +6 ring of intelligence
 R - a +6 ring of intelligence
Wands
 q - a wand of iceblast (6)
 G - a wand of polymorph (6)
 Q - a wand of acid (2)
Scrolls
 g - 10 scrolls of teleportation
 l - a scroll of vulnerability {unknown}
 m - a scroll of enchant armour
 p - a scroll of acquirement
 r - 2 scrolls of torment {unknown}
 x - a scroll of fog {unknown}
 y - 5 scrolls of noise {unknown}
 A - a scroll of amnesia {unknown}
 B - 3 scrolls of blinking
 E - 3 scrolls of identify
 M - a scroll of fear
 O - a scroll of poison {unknown}
Potions
 b - 4 potions of curing
 d - 4 potions of might
 f - a potion of lignification {unknown}
 h - a potion of attraction {unknown}
 j - 2 potions of degeneration
 n - 5 potions of heal wounds
 s - a potion of haste
 t - 2 potions of flight {unknown}
 z - 3 potions of invisibility
 H - a potion of cancellation
 J - 2 potions of brilliance
 K - 2 potions of resistance
Miscellaneous
 P - a piece from Xom's chessboard (15/15)


   Skills:
 + Level 10.5 Fighting
 + Level 17.1 Axes
 + Level 10.7 Armour
 + Level 3.7 Dodging
 + Level 1.3 Stealth
 + Level 8.3 Shields
 + Level 0.8 Evocations


You had 11 spell levels left.
You didn't know any spells.
Your spell library contained the following spells:

 Spells                   Type           Power      Damage    Failure   Level
 Freeze                   Ice            0%         1d3       97%         1
 Necrotise                Necr           0%         1d4       97%         1
 Blink                    Tloc           0%         N/A       99%         2
 Lesser Beckoning         Tloc           0%         N/A       99%         2
 Momentum Strike          Conj/Tloc      0%         3d8       99%         2
 Poisonous Vapours        Pois/Air       0%         N/A       99%         2
 Call Canine Familiar     Summ           0%         N/A       100%        3
 Frozen Ramparts          Ice            0%         1d1       100%        3
 Gell's Gravitas          Tloc           0%         N/A       100%        3
 Hailstorm                Conj/Ice       0%         3d3       100%        3
 Mephitic Cloud           Conj/Pois/Air  0%         N/A       100%        3
 Portal Projectile        Hex/Tloc       0%         N/A       100%        3
 Teleport Other           Tloc           0%         N/A       100%        3
 Tukima's Dance           Hex            0%         N/A       100%        3
 Vampiric Draining        Necr           0%         2d6       100%        3
 Leda's Liquefaction      Hex/Erth       0%         N/A       100%        4
 Passage of Golubria      Tloc           0%         N/A       100%        4
 Agony                    Necr           0%         N/A       100%        5
 Freezing Cloud           Conj/Ice/Air   0%         6-21      100%        5
 Yara's Violent Unravell  Hex/Tmut       0%         3d3       100%        5


Dungeon Overview and Level Annotations

Branches:
Dungeon (12/15)            Temple (0/1) D:5            Lair (0/5) D:10
  Sewer (visited)
    Orc: D:9-12

Altars:
Ashenzari
Cheibriados
Dithmenos
Fedhas
Gozag
Kikubaaqudgha

Shops:
D:3 :   D:11 ?

Annotations:
D:12 3 runed translucent doors, bairyn's ghost, journeyman SpEE


Innate Abilities, Weirdness & Mutations

You have large cloven feet.
Your spells are a little harder to cast, but a little more powerful.


Message History

The slime creature is lightly wounded.
The vampire mosquito is no longer distracted by gold.
The slime creature hits you but does no damage.
Two slime creatures merge to form a large slime creature.
You slash the large slime creature! You burn the large slime creature!
The large slime creature is moderately wounded.
You hit the large slime creature. You burn the large slime creature.
The large slime creature is moderately wounded.
Two slime creatures merge to form a very large slime creature.
You slice the very large slime creature!!
You burn the very large slime creature!
The very large slime creature is heavily wounded.
The very large slime creature is distracted by your dazzling golden aura.
You catch the helpless very large slime creature completely off-guard!
You hit the very large slime creature but do no damage.
The very large slime creature is no longer distracted by gold.
The very large slime creature is heavily wounded.
The very large slime creature hits you.
You hit the very large slime creature. You burn the very large slime creature.
The very large slime creature is heavily wounded.
The very large slime creature hits you!
You slice the very large slime creature!!
You burn the very large slime creature.
The very large slime creature is severely wounded.
The large slime creature is no longer distracted by gold.
You barely miss the very large slime creature.
The very large slime creature is severely wounded.
The very large slime creature hits you!!!
* * * LOW HITPOINT WARNING * * *
Two slime creatures merge to form a titanic slime creature.
You hit the titanic slime creature. You burn the titanic slime creature.
The titanic slime creature is heavily wounded.
You hit the titanic slime creature. You burn the titanic slime creature.
The titanic slime creature is heavily wounded.
You slash the titanic slime creature! You burn the titanic slime creature.
The titanic slime creature is heavily wounded.
You feel much better. The titanic slime creature hits you!!!
Ouch! That really hurt!
You die...
Your body crumbles into a pile of gold.

## #..##............#
.# #...#..##........# $
.###.#.#..#.#....#..##
.....................##
.#####.##.#.#....#....
.# #.##.##.....#..# .#
##.##.......y...# ##
#...########J### #...#
#####@###.#
#...####...$....#
#........##...##.#
#####....###.##...#
...........>.###.##
.............# #..
...........[.######
###.............#
##.#...#######.#


You could see a titanic slime creature and a vampire mosquito.

Vanquished Creatures
  5 two-headed ogres
  Amaemon (D:11)
  Pikel (D:5)
  The ghost of rundlesten the Stinger, a novice OpHW of Gozag (D:7)
  An ugly thing (D:11)
  3 cyclopes
  A manticore (D:11)
  An orange demon (D:11)
  A gargoyle (D:10)
  A rime drake (D:10)
  A komodo dragon (D:11)
  3 trolls
  A slime creature (D:12)
  4 shadows
  Sigmund (D:3)
  A water elemental (D:11)
  3 wyverns
  15 yaks
  A steam dragon (D:8)
  5 vampire mosquitoes (D:12)
  Edmund (D:6)
  2 acid dragons (D:12)
  Pargi (Sewer)
  A sky beast (D:7)
  Duvessa (D:5)
  2 orc warriors
  3 black bears
  5 ice beasts
  An ogre (D:6)
  A wolf (D:10)
  3 lemures (D:5)
  3 centaurs
  A phantom (D:5)
  Blork the orc (D:6)
  3 kobold brigands
  4 gnoll sergeants
  2 scorpions (D:6)
  8 wights
  Dowan (D:5)
  4 killer bees (D:8)
  8 howler monkeys
  A jelly (D:6)
  3 hounds (D:6)
  5 orc priests
  2 gnoll boudas
  2 iguanas
  12 orc wizards
  Robin (D:3)
  23 gnolls
  8 adders
  2 river rats (D:4)
  A shadow imp (D:7)
  2 white imps
  2 ufetubi
  4 worms (D:4)
  2 dart slugs (D:4)
  34 orcs
  8 endoplasms
  4 giant cockroaches (D:3)
  20 goblins
  12 hobgoblins
  5 jackals
  22 kobolds
  4 quokkas
  8 ball pythons
  17 bats
  4 frilled lizards
  6 rats
321 creatures vanquished.

Vanquished Creatures (others)
  A kobold brigand (D:8)
1 creature vanquished.

Grand Total: 322 creatures vanquished

Notes
Turn   | Place    | Note
-------+----------+-------------------------------------------
     0 | D:1      | fireball365 the Hill Orc Fighter began the quest for the
                  | Orb.
     0 | D:1      | Reached XP level 1. HP: 19/19 MP: 1/1
   246 | D:1      | Reached XP level 2. HP: 24/26 MP: 2/2
   284 | D:1      | Reached skill level 3 in Axes
   567 | D:1      | Found a faded altar of an unknown god.
   912 | D:2      | Reached XP level 3. HP: 24/33 MP: 3/3
  1041 | D:2      | Reached skill level 4 in Axes
  1393 | D:2      | Reached XP level 4. HP: 37/40 MP: 4/4
  1449 | D:2      | Identified the +2 chain mail "Fugg" {Harm Fly rC++ Int-3}
  1958 | D:3      | Reached XP level 5. HP: 39/46 MP: 5/5
  2065 | D:3      | Identified the +2 robe of the Albatross {rC+++ Will+ Str+5
                  | Dex-2}
  2089 | D:3      | Reached skill level 5 in Axes
  2089 | D:3      | Noticed Robin
  2100 | D:3      | Killed Robin
  2261 | D:3      | Found a blossoming altar of Fedhas.
  2264 | D:3      | Found a snail-covered altar of Cheibriados.
  2464 | D:3      | Noticed Sigmund
  2495 | D:3      | Killed Sigmund
  2496 | D:3      | Reached skill level 6 in Axes
  2496 | D:3      | Reached XP level 6. HP: 5/53 MP: 6/6
  2709 | D:3      | Found Kemi's Book Shop.
  2859 | D:4      | Reached skill level 5 in Armour
  2859 | D:4      | Reached skill level 1 in Dodging
  3067 | D:4      | Found a glowing drain.
  3075 | Sewer    | Entered a sewer
  3153 | Sewer    | Noticed Pargi
  3175 | Sewer    | Killed Pargi
  3176 | Sewer    | Reached XP level 7. HP: 41/60 MP: 7/7
  3316 | Sewer    | Reached skill level 7 in Axes
  3686 | D:2      | Identified 2 scrolls of acquirement
  4507 | D:5      | Entered Level 5 of the Dungeon
  4556 | D:5      | Reached skill level 5 in Fighting
  4675 | D:5      | Reached skill level 8 in Axes
  4739 | D:5      | Noticed Pikel
  4758 | D:5      | Killed Pikel
  4759 | D:5      | Reached skill level 9 in Axes
  4759 | D:5      | Reached XP level 8. HP: 48/70 MP: 8/8
  4897 | D:5      | Noticed Dowan
  4898 | D:5      | Noticed Duvessa
  4909 | D:5      | Killed Dowan
  4919 | D:5      | Killed Duvessa
  5168 | D:5      | Found a staircase to the Ecumenical Temple.
  5292 | D:6      | Noticed Edmund
  5297 | D:6      | Reached skill level 10 in Axes
  5299 | D:6      | Killed Edmund
  5300 | D:6      | Reached skill level 5 in Shields
  5300 | D:6      | Reached XP level 9. HP: 75/75 MP: 9/9
  5648 | D:6      | Reached skill level 11 in Axes
  5965 | D:6      | Found an opulent altar of Gozag.
  5993 | D:6      | Became a worshipper of Gozag Ym Sagoz the Greedy
  6187 | D:6      | Noticed Blork the orc
  6194 | D:6      | Killed Blork the orc
  6358 | D:6      | Reached skill level 12 in Axes
  6754 | D:7      | Found a runed translucent gate.
  6754 | D:7      | Found a runed translucent gate.
  6754 | D:7      | Found a runed translucent gate.
  6783 | D:7      | Noticed rundlesten's ghost (novice OpHW)
  6807 | D:7      | Killed rundlesten's ghost
  6808 | D:7      | Reached XP level 10. HP: 86/86 MP: 10/10
  6852 | D:7      | Reached skill level 13 in Axes
  7849 | D:8      | Gained mutation: Your spells are a little harder to cast,
                  | but a little more powerful. [potion of mutation]
  7849 | D:8      | Gained mutation: You have large cloven feet. [potion of
                  | mutation]
  7986 | D:8      | Found a broken altar of Ashenzari.
  8059 | D:8      | Reached skill level 1 in Stealth
  8420 | D:9      | Reached skill level 14 in Axes
  8690 | D:9      | Found a shadowy altar of Dithmenos.
  8924 | D:10     | Entered Level 10 of the Dungeon
  9038 | D:10     | Reached XP level 11. HP: 94/94 MP: 11/11
  9051 | D:10     | Noticed a two-headed ogre
  9052 | D:10     | Reached skill level 15 in Axes
  9077 | D:10     | Killed a two-headed ogre
  9203 | D:10     | Found a staircase to the Lair.
  9430 | D:10     | Acquired 469 gold pieces
  9728 | D:10     | Identified the +0 ring mail of Submission {rElec rPois
                  | Slay+3}
  9991 | D:11     | Noticed a two-headed ogre
 10000 | D:11     | Killed a two-headed ogre
 10003 | D:11     | Noticed a cyclops
 10017 | D:11     | Killed a cyclops
 10027 | D:11     | Reached skill level 16 in Axes
 10248 | D:11     | Identified the +3 leather armour of Qenygiod {rPois}
 10309 | D:11     | Noticed a two-headed ogre
 10314 | D:11     | Killed a two-headed ogre
 10449 | D:11     | Noticed a manticore
 10458 | D:11     | Killed a manticore
 10520 | D:11     | Found Cix Uhyn's Magic Scroll Emporium.
 10545 | D:11     | Noticed a cyan ugly thing
 10552 | D:11     | Killed a cyan ugly thing
 10572 | D:11     | Found an ancient bone altar of Kikubaaqudgha.
 10868 | D:11     | Bought a scroll of teleportation for 42 gold pieces
 10868 | D:11     | Bought a scroll of identify for 28 gold pieces
 10868 | D:11     | Bought a scroll of blinking for 105 gold pieces
 10887 | D:11     | Noticed Amaemon
 10903 | D:11     | Killed Amaemon
 10915 | D:11     | Reached skill level 10 in Armour
 10915 | D:11     | Reached XP level 12. HP: 17/106 MP: 12/12
 11533 | D:12     | Reached skill level 10 in Fighting
 11753 | D:12     | Noticed a two-headed ogre
 11807 | D:12     | Identified the +0 leather armour "Ucsuxkor" {Fly}
 11813 | D:12     | Noticed a two-headed ogre
 11822 | D:12     | Killed a two-headed ogre
 11823 | D:12     | Reached skill level 17 in Axes
 11823 | D:12     | Found a runed translucent gate.
 11823 | D:12     | Found a runed translucent gate.
 11823 | D:12     | Found a runed translucent gate.
 12189 | D:12     | Noticed bairyn's ghost (journeyman SpEE)
 12394 | D:12     | Killed a two-headed ogre
 12427 | D:12     | Annihilated by a titanic slime creature

Illustrated notes

Levels and vault maps discovered:
D:1:      dpeg_arrival_stonehenge_8_columns, layout_basic,
          shapermc_ecumenical_altar_starsandcircs
D:2:      layout_basic
D:3:      layout_basic, nicolae_overflow_hidden_temple, serial_shops,
          nicolae_shop_tiny_real_fake_doors, corexii_item_surrounded_by_moat,
          minmay_joined_circles, uniq_sigmund, uniq_robin
D:4:      cheibrodos_greedy_goblins, layout_gridville, lightli_sewer_entry_pipes
D:5:      layout_rooms, temple_statues, dk_noncrumbling_4, uniq_pikel,
          uniq_duvessa
D:6:      layout_gridville, nicolae_gozag_seed_capital, uniq_edmund,
          uniq_blork_the_orc
D:7:      layout_basic, ebering_ghost_rock_garden,
          eino_small_chamber_without_monster
D:8:      layout_cave_pools, mainiacjoe_overflow_alcove_4
D:9:      layout_basic, grunt_dithmenos_smoke_and_mirrors
D:10:     layout_gridville, hellmonk_lair_entry_icy, roderic_batcave
D:11:     wad_crossroads, layout_long_grid, serial_shops, shop_scrolls,
          hangedman_abyss_or_decor_passed, minmay_crystal_water,
          nicolae_kikubaaqudgha_miasma_corner, uniq_amaemon
D:12:     layout_loops_cross, minmay_orc_entry_guard_dogs, gammafunk_ghost_split

Skill      XL: |  1  2  3  4  5  6  7  8  9 10 11 12 |
---------------+-------------------------------------+-----
Axes           | 3 4 6 9 10 12 14 16 17 | 17.1
Fighting       | 4 5 6 7 8 9 10 | 10.5
Armour         | 4 5 6 7 8 10 | 10.7
Dodging        | 1 2 3 |  3.7
Shields        | 4 5 6 7 8 |  8.3
Stealth        | 1 |  1.3
Evocations     | |  0.8

Action                     |  1- 3 |  4- 6 |  7- 9 | 10-12 || total
---------------------------+-------+-------+-------+-------++-------
  Melee: War axe           |    75 |   207 |   242 |   431 ||   955
  Evoke: Wand              |       |       |       |     2 ||     2
    Use: Scroll            |       |     2 |     7 |     7 ||    16
         Potion            |       |       |       |     2 ||     2
   Stab: Distracted        |       |       |       |     5 ||     5
 Armour: Scale mail        |    45 |   125 |     5 |       ||   175
         Chain mail        |       |       |   161 |   192 ||   353
  Dodge: Dodged            |    42 |   141 |   112 |   206 ||   501
  Block: Buckler           |    27 |    58 |    91 |   121 ||   297
